 Dungeon Crawl Stone Soup version 0.27-a0-972-gd1521fd518 (webtiles) character file.

Game seed: 13378044371764573931

9 Alarkh the Insei (level 2, 21/21 HPs)
             Began as a Demonspawn Transmuter on Apr 13, 2021.
             Got out of the dungeon alive.
             The game lasted 00:00:16 (547 turns).

Alarkh the Insei (Demonspawn Transmuter)             Turns: 547, Time: 00:00:17

Health: 21/21      AC:  2    Str: 10    XL:     2   Next: 3%
Magic:  5/5        EV: 12    Int: 14    God:
Gold:   38         SH:  0    Dex: 15    Spells: 4/5 levels left

rFire    . . .     SeeInvis .     - Unarmed
rCold    . . .     Faith    .   (no shield)
rNeg     . . .     Spirit   .   a - +0 robe
rPois    .         Reflect  .   (no helmet)
rElec    .         Harm     .   (no cloak)
rCorr    .         Rampage  .   (no gloves)
Will     .....                  (no boots)
Stlth    ++........             (no amulet)
HPRegen  0.07/turn              (no ring)
MPRegen  0.09/turn              (no ring)

@: no status effects
A: thin skeletal structure 1
a: no special abilities


You escaped.
You visited 1 branch of the dungeon, and saw 1 of its levels.

You collected 38 gold pieces.

Inventory:

Armour
 a - a +0 robe (worn)
Jewellery
 b - a ring of wizardry
Scrolls
 c - a scroll of identify {unknown}


   Skills:
 + Level 1.2 Fighting
 - Level 1.7 Dodging
 * Level 2.9 Unarmed Combat
 + Level 2.1 Spellcasting
 + Level 1.9 Transmutations


You had 4 spell levels left.
You knew the following spells:

 Your Spells              Type           Power      Damage    Failure   Level
a - Beastly Appendage     Tmut           14%        N/A       11%         1

Your spell library contained the following spells:

 Spells                   Type           Power      Damage    Failure   Level
 Wereblood                Tmut           7%         N/A       16%         2
 Magic Dart               Conj           4%         1d3       24%         1
 Blink                    Tloc           N/A        N/A       34%         2
 Call Imp                 Summ           1%         N/A       34%         2
 Slow                     Hex            1%         N/A       34%         2
 Spider Form              Tmut/Pois      2%         N/A       43%         3
 Conjure Flame            Conj/Fire      1%         6-21      56%         3
 Mephitic Cloud           Conj/Pois/Air  1%         N/A       56%         3
 Ice Form                 Ice/Tmut       4%         N/A       83%         4
 Hydra Form               Tmut           3%         N/A       96%         5


Dungeon Overview and Level Annotations

Branches:
Dungeon (1/15)

Altars:


Innate Abilities, Weirdness & Mutations

You have a somewhat thin skeletal structure. (Dex +2, Stealth)


Message History

You closely miss the bat.
The bat is severely wounded.
The bat hits you. The bat hits you but does no damage.
You closely miss the bat.
The bat is severely wounded.
The bat hits you but does no damage.
You hit the bat.
You kill the bat!
No target in view!
No target in view!
No target in view!
No target in view!
No target in view!
No target in view!
No target in view!
No target in view!
No target in view!
You see here a bat corpse.
Found a stone staircase leading down.
A goblin comes into view. It is wielding a +0 club.
A goblin is nearby!
Casting: Beastly Appendage (safe; 11% risk of failure)
Confirm with . or Enter, or press ? or * to list all spells.
You grow a pair of large bovine horns.
Your feet morph into talons.
The goblin shouts!
Unknown command.
You closely miss the goblin. Your kick misses the goblin.
You headbutt the goblin.
You kill the goblin!
Your transformation is almost over.
You have reached level 2!
Your demonic ancestry asserts itself...
Your bones become slightly less dense.
Unknown command.
Your horns disappear.
Your talons disappear.
You see here a bat corpse.
There is a dry fountain here.
There is a staircase leading out of the dungeon here.
Are you sure you want to leave the Dungeon?
This will make you lose the game!
You have escaped!

###......................###
##...##†####.####.####.#....##
#..###...##...##...##...###..#
#.## #.⌠.##.⌠.##.⌠.##.⌠.# ##.#
#.####...##...##...##...####.#
#...###.####.####.####.###...#
#.⌠.###.####.####.####.###.⌠.#
#............................#
##.##..........@.........##.##
#............................#
#.⌠.###.####.####.####.###.⌠.#
#...###.####.####.####.###...#
#.####...##...##...##...####.#
#. #.⌠.##.⌠.##.⌠.##.⌠.# ##.#
#. #...##...##...##...###..#
#...##.####.####.####.##...##
#......................###


There were no monsters in sight!

Vanquished Creatures
  A bat (D:1)
  2 endoplasms (D:1)
  A goblin (D:1)
  A hobgoblin (D:1)
  A kobold (D:1)
  A frilled lizard (D:1)
7 creatures vanquished.

Notes
Turn   | Place    | Note
-------+----------+-------------------------------------------
     0 | D:1      | Alarkh the Demonspawn Transmuter began the quest for the
                  | Orb.
     0 | D:1      | Reached XP level 1. HP: 15/15 MP: 3/3
   491 | D:1      | Gained mutation: You have a somewhat thin skeletal
                  | structure. (Dex +2, Stealth) [demonic ancestry]
   491 | D:1      | Reached XP level 2. HP: 18/21 MP: 3/5
   547 | D:$      | Got out of the dungeon alive.

Illustrated notes

Levels and vault maps discovered:
D:1:      dpeg_arrival_chambers_temple_mockup, layout_loops_ring, serial_shops,
          shop, hellmonk_ecumenical_altar_heavens_door

Action                   || total
-------------------------++-------
Melee: Unarmed           ||    21
       Kick              ||     4
       Headbutt          ||     3
 Cast: Beastly Appendage ||     5
 Stab: Sleeping          ||     1
Armor: Robe              ||     9
Dodge: Dodged            ||     7

Table legend: (Time is in decaauts)
 A = Elapsed time spent in this place.
 B = Non-inter-level travel time spent in this place.
 C = Inter-level travel time spent in this place.
 D = Time resting spent in this place.
 E = Time spent auto-exploring this place.
 F = Levels seen in this place.
 G = Mean time per level.
                   A        B        C        D        E       F      G
               +--------+--------+--------+--------+--------+-----+--------+
         Total |    546 |    491 |     55 |      3 |    438 |   1 |  546.0 |
       Dungeon |    546 |    491 |     55 |      3 |    438 |   1 |  546.0 |
               +--------+--------+--------+--------+--------+-----+--------+

Top non-repeatable levels by time:
     D:1: 546 daAuts
